 Dungeon Crawl Stone Soup version 0.21-a0-552-g593960d (webtiles) character file.

8993 Charly the Severer (level 11, -6/92 HPs)
             Began as a Deep Dwarf Hunter on Dec 17, 2017.
             Was a Believer of Makhleb.
             Mangled by a two-headed ogre
             ... wielding a +0 giant club
              (24 damage)
             ... on level 10 of the Dungeon.
             The game lasted 00:25:23 (5717 turns).

Charly the Severer (Deep Dwarf Hunter)              Turns: 5717, Time: 00:25:24

Health: -6/92      AC: 11    Str: 18    XL:     11   Next: 17%
Magic:  7/7        EV:  7    Int: 13    God:    Makhleb [**....]
Gold:   397        SH:  4    Dex: 13    Spells: 10/10 levels left

rFire    . . .     SeeInvis .   a - +0 battleaxe
rCold    . . .     Gourm    .   (shield currently unavailable)
rNeg     . . .     Faith    .   e - +0 chain mail {rPois}
rPois    +         Spirit   .   u - +0 helmet
rElec    .         Reflect  +   k - +1 cloak
rCorr    +         Harm     .   (no gloves)
MR       +....                  (no boots)
Stlth    ..........             s - +4 amulet of reflection
HPRegen  0.00/turn              y - ring of resist corrosion
MPRegen  0.10/turn              (no ring)

@: non-regenerating
A: damage resistance, heal wounds, sense surroundings 2, no regeneration
a: Heal Wounds, Minor Destruction, Renounce Religion


You were on level 10 of the Dungeon.
You worshipped Makhleb.
Makhleb was pleased with you.
You were not hungry.

You visited 2 branches of the dungeon, and saw 11 of its levels.
You also visited: Sewer.

You collected 397 gold pieces.

Inventory:

Hand Weapons
 a - a +0 battleaxe (weapon)
 b - a +0 arbalest
 w - the +8 trident "Neisal" {pierce, +Fly rF- Str-3 Int+10}
   (You found it on level 10 of the Dungeon)

   It inflicts extra damage upon your enemies.
   It affects your strength (-3).
   It affects your intelligence (+10).
   It makes you vulnerable to fire.
   It lets you fly.
Missiles
 d - 20 bolts
Armour
 e - a +0 chain mail of poison resistance (worn)
 k - a +1 cloak (worn)
 u - a +0 helmet (worn)
Jewellery
 s - a +4 amulet of reflection (around neck)
 y - a ring of resist corrosion (left hand)
Wands
 x - a wand of enslavement (3)
Scrolls
 o - a scroll of remove curse
 p - 3 scrolls of teleportation
 r - a scroll of enchant weapon
Potions
 c - a potion of haste {unknown}
 g - 2 potions of mutation
 h - a potion of berserk rage {unknown}
 i - 7 potions of curing
 j - a potion of cancellation {unknown}
 l - 3 potions of heal wounds {unknown}
 m - 2 potions of might {unknown}
 q - a potion of agility {unknown}
 t - a potion of resistance {unknown}
 v - a potion of magic {unknown}
Comestibles
 f - 5 bread rations
 n - 3 meat rations


   Skills:
 + Level 4.1 Fighting
 + Level 16.0 Axes
 - Level 8.3 Crossbows
 + Level 0.0 Armour
 + Level 2.2 Dodging
 - Level 1.2 Stealth


You had 10 spell levels left.
You didn't know any spells.

Dungeon Overview and Level Annotations

Branches:
Dungeon (10/15)            Temple (1/1) D:6            Lair (0/6) D:8
    Orc: D:9-12

Altars:
Ashenzari
Dithmenos
Elyvilon
Fedhas
Gozag
Kikubaaqudgha
Makhleb
Nemelex Xobeh
Okawaru
Qazlal
Ru
Sif Muna
Trog
Uskayaw
Vehumet
Wu Jian
Xom
Yredelemnul
The Shining One

Shops:
D:6 *


Innate Abilities, Weirdness & Mutations

You are resistant to damage.
You can heal yourself by infusing magical energy.
You passively map the area around you.
You do not regenerate.


Message History

Unknown command.
You feel much better. The hound closely misses you.
You are too injured to fight recklessly!
You are too injured to fight recklessly!
Your chain mail prevents you from hitting the two-headed ogre.
The two-headed ogre is severely wounded.
The orc wizard mumbles some strange words.
The orc wizard blinks!
You hit the two-headed ogre.
The two-headed ogre is severely wounded.
You slash the two-headed ogre!
The two-headed ogre is almost dead.
The two-headed ogre hits you but does no damage.
The two-headed ogre hits you with a giant spiked club!
You closely miss the two-headed ogre.
The two-headed ogre is almost dead.
The two-headed ogre hits you with a giant club!
* * * LOW HITPOINT WARNING * * *
The two-headed ogre hits you with a giant spiked club!!
You die...

, , .........# *
,,* , .........
, , , *
,.(...o$.. * ,
,, ,,,
,,.(....... * ,*
, , , *#........
, ,, , , ,,
#........ , , ,,
,, ,,
,,#ยง.......* *
* *
#+####h.......*,
, , ,
#...@Ooo......*
* * ,
#...######....*,
, , , ,, ,#...+,
, ##. , #...#, ,
, , * *** ##..#,
,, , ,,, ,#..#
,, *, , #..# , ,
, , * * , ,,
#..####### *, ,,
, > > ,
,,#........###.
, ,,


You could see a two-headed ogre, a hound, an orc wizard and an orc.

Vanquished Creatures
  Erica (D:8)
  A centaur warrior (D:9)
  4 two-headed ogres
  An unseen horror (D:9)
  A troll (D:9)
  Grinder (D:6)
  A hippogriff (D:8)
  2 porcupines (D:8)
  3 black bears (D:8)
  2 orc warriors (D:8)
  2 ogres
  6 centaurs
  2 crocodiles (D:8)
  The ghost of p0werm0de the Sneak, an amateur OpEn (D:3)
  8 bullfrogs
  4 scorpions
  3 killer bees (D:8)
  5 wights (D:7)
  7 howler monkeys
  4 crimson imps
  2 jellies
  7 orc wizards
  6 hounds
  5 orc priests
  A bullfrog skeleton (D:8)
  8 worker ants
  Ijyb (D:3)
  An iguana (D:5)
  A hound zombie (D:6)
  Robin (D:4)
  15 adders
  3 gnolls (D:3)
  3 shadow imps
  2 oozes (Sewer)
  2 adder skeletons
  6 worms
  A dart slug (D:4)
  9 leopard geckos
  23 orcs
  9 ball pythons
  11 giant cockroaches
  24 goblins
  8 hobgoblins
  6 jackals
  8 kobolds
  6 quokkas
  6 bats
  13 frilled lizards
  2 leopard gecko skeletons
  A quokka zombie (D:8)
  5 rats
  A plant (D:8)
256 creatures vanquished.

Vanquished Creatures (collateral kills)
  A killer bee (D:8)
  A bullfrog (D:9)
  An orc wizard (D:9)
  A worker ant (D:8)
4 creatures vanquished.

Vanquished Creatures (others)
  A killer bee (D:8)
  24 fungi (D:8)
  5 plants (D:8)
30 creatures vanquished.

Grand Total: 290 creatures vanquished

Notes
Turn   | Place    | Note
-------+----------+-------------------------------------------
     0 | D:1      | Charly the Deep Dwarf Hunter began the quest for the Orb.
     0 | D:1      | Reached XP level 1. HP: 19/19 MP: 1/1
    97 | D:1      | Reached XP level 2. HP: 26/26 MP: 2/2
   156 | D:1      | Reached skill level 5 in Crossbows
   231 | D:2      | Reached XP level 3. HP: 32/32 MP: 3/3
   500 | D:2      | Reached XP level 4. HP: 24/39 MP: 4/4
   589 | D:2      | waste ident
   647 | D:3      | Noticed Robin
   773 | D:3      | Reached XP level 5. HP: 28/45 MP: 5/5
   828 | D:3      | Noticed p0werm0de's ghost (amateur OpEn)
   832 | D:3      | Killed p0werm0de's ghost
  1188 | D:3      | Reached XP level 6. HP: 30/55 MP: 6/6
  1206 | D:3      | Found a faded altar of an unknown god.
  1448 | D:3      | Noticed Ijyb
  1458 | D:3      | Killed Ijyb
  1650 | D:4      | Found a hide-covered altar of Uskayaw.
  1675 | D:4      | Noticed a dagger
  1745 | D:4      | Reached skill level 1 in Axes
  1749 | D:4      | Reached skill level 2 in Axes
  1763 | D:4      | Noticed a dagger
  1812 | D:4      | Killed Robin
  1877 | D:4      | Found a blossoming altar of Fedhas.
  1919 | D:4      | Reached skill level 3 in Axes
  2059 | D:4      | Found a glowing drain.
  2088 | Sewer    | Entered a sewer
  2092 | Sewer    | Reached XP level 7. HP: 27/62 MP: 7/7
  2102 | Sewer    | Reached skill level 4 in Axes
  2330 | Sewer    | Noticed p0werm0de's ghost (novice OpEn)
  2450 | D:5      | Entered Level 5 of the Dungeon
  2530 | D:5      | Found a bloodstained altar of Trog.
  2622 | D:5      | Reached skill level 5 in Axes
  3112 | D:6      | Found an opulent altar of Gozag.
  3140 | D:6      | Noticed Grinder
  3159 | D:6      | Paralysed by Grinder for 7 turns
  3171 | D:6      | Killed Grinder
  3171 | D:6      | Reached skill level 6 in Axes
  3171 | D:6      | Reached XP level 8. HP: 33/72 MP: 8/8
  3197 | D:6      | Found Gozag's Platinum Reserve.
  3369 | D:6      | Reached skill level 7 in Axes
  3605 | D:6      | Found a staircase to the Ecumenical Temple.
  3611 | Temple   | Entered the Ecumenical Temple
  3724 | Temple   | Became a worshipper of Makhleb the Destroyer
  3948 | D:7      | Reached skill level 8 in Axes
  4018 | D:7      | Reached skill level 9 in Axes
  4353 | D:7      | Gained mutation: You passively map the area around you. [Deep Dwarf growth]
  4353 | D:7      | Reached XP level 9. HP: 46/78 MP: 9/9
  4537 | D:8      | Noticed a two-headed ogre
  4541 | D:8      | Noticed Erica
  4543 | D:8      | Killed a two-headed ogre
  4543 | D:8      | Reached skill level 11 in Axes
  4549 | D:8      | Killed Erica
  4549 | D:8      | Reached * piety under Makhleb
  4549 | D:8      | Reached skill level 12 in Axes
  4707 | D:8      | Noticed a two-headed ogre
  4716 | D:8      | Noticed a two-headed ogre
  4744 | D:8      | Killed a two-headed ogre
  4744 | D:8      | Reached skill level 13 in Axes
  4744 | D:8      | Reached XP level 10. HP: 71/85 MP: 9/9
  4771 | D:8      | Killed a two-headed ogre
  4807 | D:8      | Reached skill level 14 in Axes
  5123 | D:8      | Reached ** piety under Makhleb
  5157 | D:8      | Found a staircase to the Lair.
  5241 | D:8      | Found an iron altar of Okawaru.
  5282 | D:9      | Noticed a centaur warrior
  5292 | D:9      | Reached skill level 15 in Axes
  5324 | D:9      | Killed a centaur warrior
  5389 | D:9      | Reached XP level 11. HP: 69/92 MP: 9/9
  5417 | D:9      | Noticed a two-headed ogre
  5505 | D:9      | Killed a two-headed ogre
  5542 | D:9      | Killed an unseen horror
  5542 | D:9      | Reached skill level 16 in Axes
  5631 | D:10     | Entered Level 10 of the Dungeon
  5676 | D:10     | Got a twisted trident
  5677 | D:10     | Identified the +8 trident "Neisal" {pierce, +Fly rF- Str-3 Int+10} (You found it on level 10 of the Dungeon)
  5700 | D:10     | Noticed a two-headed ogre
  5717 | D:10     | Mangled by a two-headed ogre

Vault maps used:
D:1:      lightli_arrival_flooded_house
D:2:      minmay_split_cup_small
D:3:      chequers_ecumenical_altar_simple_redux, minmay_stone_trees_small,
          minmay_misc_feat_tiny, minmay_goblin_outpost, uniq_robin, uniq_ijyb
D:4:      dancing_weapons_uskayaw, fedhas_bush_and_centaur_altar,
          cheibrodos_sewer_entry_bend, dk_vineyard_2
D:5:      lemuel_round_altar, first_bread, kennysheep_minor_cross
D:6:      minmay_temple_entry_hall, nicolae_gozag_zags_fifth_avenue,
          uniq_grinder
D:8:      lemuel_crystal_altar, due_lair_maze_entry_diamond, uniq_erica
D:9:      erik_orc_1
Temple:   hc_temple_tempest_star
Sewer:    sewer_frog_island_02

Skill      XL: |  1  2  3  4  5  6  7  8  9 10 11 |
---------------+----------------------------------+-----
Crossbows      | 5 6 7 8 |  8.3
Fighting       | 2 3 4 |  4.1
Axes           | 3 6 9 13 15 16 | 16.0
Dodging        | |  2.2
Stealth        | |  1.2

Action                   |  1- 3 |  4- 6 |  7- 9 | 10-12 || total
-------------------------+-------+-------+-------+-------++-------
Melee: Short sword       |    16 |     6 |       |       ||    22
       Whip              |       |    17 |   253 |       ||   270
       Hand axe          |       |     7 |       |       ||     7
       Battleaxe         |       |       |    41 |   150 ||   191
 Fire: Hand crossbow     |    60 |   164 |   169 |    56 ||   449
       Arbalest          |       |       |       |    28 ||    28
 Abil: Heal Wounds       |       |       |     9 |     8 ||    17
Evoke: Wand              |       |       |     4 |     5 ||     9
  Use: Scroll            |     1 |     4 |     4 |     2 ||    11
 Stab: Distracted        |       |       |       |     1 ||     1
  Eat: Chunk             |       |     3 |       |       ||     3
       Fruit             |       |       |    12 |       ||    12
       Royal jelly       |       |       |     2 |       ||     2
Armor: Chain mail        |    24 |    58 |   207 |   134 ||   423
Dodge: Dodged            |    11 |    35 |   130 |    71 ||   247
Block: Other             |       |       |       |     2 ||     2

Table legend:
 A = Spawn XP
 B = Non-spawn XP
 C = Spawn XP percentage of total XP
 D = Spawn monster count
 E = Non-spawn monster count
 F = Spawn count percentage of total count
 G = Total turns spent on level
                    A         B        C        D         E        F      G
               +---------+---------+-------+---------+---------+-------+---------
         Total |       0 |   12848 |   0.0 |       0 |     260 |   0.0 |  5717
               +---------+---------+-------+---------+---------+-------+---------
           D:1 |       0 |      21 |   0.0 |       0 |      13 |   0.0 |   225
           D:2 |       0 |     149 |   0.0 |       0 |      28 |   0.0 |   493
           D:3 |       0 |     266 |   0.0 |       0 |      46 |   0.0 |   840
           D:4 |       0 |     296 |   0.0 |       0 |      15 |   0.0 |   641
           D:5 |       0 |     451 |   0.0 |       0 |      26 |   0.0 |   656
           D:6 |       0 |     625 |   0.0 |       0 |      12 |   0.0 |   518
           D:7 |       0 |     999 |   0.0 |       0 |      20 |   0.0 |   776
           D:8 |       0 |    6483 |   0.0 |       0 |      46 |   0.0 |   770
           D:9 |       0 |    3497 |   0.0 |       0 |      26 |   0.0 |   335
          D:10 |       0 |       3 |   0.0 |       0 |       1 |   0.0 |    86
         Sewer |       0 |      58 |   0.0 |       0 |      27 |   0.0 |   251
               +---------+---------+-------+---------+---------+-------+---------
